 Dungeon Crawl Stone Soup version 0.28.0-45-g0d030f2227 (webtiles) character file.

Game seed: 13340240635701756743

2450 issech the Cudgeller (level 9, -9/85 HPs)
             Began as a Troll Monk on Apr 17, 2022.
             Mangled by a skeletal warrior
             ... wielding a +0 mace
              (23 damage)
             ... on level 6 of the Dungeon.
             The game lasted 00:22:44 (5779 turns).

issech the Cudgeller (Troll Monk)                   Turns: 5779, Time: 00:22:44

Health: -9/85      AC:  4    Str: 21    XL:     9   Next: 25%
Magic:  8/8        EV: 12    Int:  6    God:
Gold:   344        SH:  0    Dex: 16    Spells: 8/8 levels left

rFire   . . .      SeeInvis .   A - +6 dire flail (protect)
rCold   . . .      Faith    .   (shield currently unavailable)
rNeg    . . .      Spirit   .   b - +0 robe
rPois   .          Reflect  .   (helmet restricted)
rElec   .          Harm     .   (no cloak)
rCorr   .          Rampage  .   (gloves unavailable)
Will    .....                   (boots unavailable)
Stlth   ++........              (no amulet)
HPRegen 1.04/turn               (no ring)
MPRegen 0.11/turn               (no ring)

@: no status effects
A: large, unfitting armour, claws 3, regeneration 1, shaggy fur 1, tough skin 1
a: no special abilities


You were on level 6 of the Dungeon.
You visited 1 branch of the dungeon, and saw 7 of its levels.
You also visited: Sewer.

You collected 344 gold pieces.

Inventory:

Hand Weapons
 a - a +0 mace
 j - a +2 short sword of protection
 p - a +0 flail
 w - a +2 dagger of draining
 A - a +6 dire flail of protection (weapon)
Missiles
 c - 60 arrows
 g - 156 stones (quivered)
 h - 28 bolts
 i - 50 sling bullets
 n - 3 large rocks
 q - a curare-tipped dart
 r - 14 poisoned darts
 C - a throwing net
Armour
 b - a +0 robe (worn)
 e - a +0 kite shield
Wands
 D - a wand of acid (10)
 K - a wand of flame (31)
Scrolls
 f - 2 scrolls of teleportation
 l - 2 scrolls of identify
 o - 2 scrolls of blinking
 y - 2 scrolls of torment
 B - a scroll of brand weapon {unknown}
 E - a scroll of amnesia {unknown}
 G - 2 scrolls of magic mapping {unknown}
 H - a scroll of vulnerability {unknown}
 I - a scroll of fog {unknown}
Potions
 d - 4 potions of curing {unknown}
 k - a potion of magic {unknown}
 m - 3 potions of brilliance
 s - 2 potions of resistance {unknown}
 t - 2 potions of mutation {unknown}
 u - 2 potions of haste {unknown}
 v - a potion of cancellation {unknown}
 x - a potion of might {unknown}
 z - 2 potions of flight {unknown}
 F - a potion of invisibility {unknown}
 J - a potion of lignification {unknown}


   Skills:
 + Level 4.6 Fighting
 + Level 4.4 Short Blades
 + Level 6.5 Maces & Flails
 + Level 5.3 Dodging
 + Level 2.2 Stealth
 + Level 3.1 Shields


You had 8 spell levels left.
You didn't know any spells.
Your spell library contained the following spells:

 Spells                   Type           Power      Damage    Failure   Level
 Shock                    Conj/Air       0%         1d3       45%         1
 Gell's Gravitas          Tloc           0%         N/A       83%         3
 Inner Flame              Hex/Fire       0%         N/A       83%         3
 Swiftness                Air            0%         N/A       83%         3
 Teleport Other           Tloc           0%         N/A       83%         3
 Airstrike                Air            0%         N/A       99%         4
 Cause Fear               Hex            0%         N/A       99%         4
 Dispersal                Tloc           0%         N/A       100%        6
 Discord                  Hex            0%         N/A       100%        8


Dungeon Overview and Level Annotations

Branches:
Dungeon (7/15)             Temple (0/1) D:7           Sewer (visited)

Altars:
Fedhas
Kikubaaqudgha
Vehumet
Yredelemnul
The Shining One

Shops:
D:1 *   D:2 *   D:4 ?*


Innate Abilities, Weirdness & Mutations

You are too large for most types of armour.
You have claws for hands.
Your natural rate of healing is unusually fast.
You are covered in fur. (AC +1)
You have tough skin. (AC +1)


Message History

The skeletal warrior closely misses you.
You completely miss the skeletal warrior.
The skeletal warrior is lightly damaged.
The skeletal warrior barely misses you.
You hit the skeletal warrior.
The skeletal warrior is lightly damaged.
You hit the skeletal warrior but do no damage.
The skeletal warrior is lightly damaged.
The skeletal warrior closely misses you.
You puncture the skeletal warrior!
The skeletal warrior is moderately damaged.
The skeletal warrior hits you with a +0 mace!!
You closely miss the skeletal warrior.
The skeletal warrior is moderately damaged.
The skeletal warrior hits you with a +0 mace!!
You sock the skeletal warrior!
The skeletal warrior is heavily damaged.
The skeletal warrior barely misses you.
You hit the skeletal warrior.
The skeletal warrior is heavily damaged.
The skeletal warrior hits you but does no damage.
You hit the skeletal warrior but do no damage.
The skeletal warrior is heavily damaged.
The skeletal warrior hits you with a +0 mace!
You puncture the skeletal warrior!
The skeletal warrior is severely damaged.
The skeletal warrior hits you with a +0 mace.
You hit the skeletal warrior.
The skeletal warrior is severely damaged.
The skeletal warrior closely misses you.
You barely miss the skeletal warrior.
The skeletal warrior is severely damaged.
The skeletal warrior hits you with a +0 mace!
* * * LOW HITPOINT WARNING * * *
You hit the skeletal warrior.
The skeletal warrior is severely damaged.
The skeletal warrior hits you with a +0 mace!!
* * * LOW HITPOINT WARNING * * *
The skeletal warrior hits you with a +0 mace!!
You die...

...##### #.# #....#
.......##########.# ####.#
#..###............# #.# #..#
######.>..#### #.# #..# #.##.#
#.# ...# #.##.# #.# #.##
#.##.# #.#
#.#########.##.#############.#
#.......<...##.z@............#
##############################


You could see a skeletal warrior.

Vanquished Creatures
  Grinder (D:5)
  Sigmund (D:3)
  A steam dragon (D:6)
  Edmund (D:4)
  A water moccasin (D:6)
  3 sky beasts
  An ogre (D:4)
  A centaur (D:5)
  4 kobold brigands
  A scorpion (D:5)
  A bullfrog (D:7)
  A wyvern zombie (D:5)
  2 hounds
  2 bullfrog zombies
  A bullfrog skeleton (D:6)
  A centaur zombie (D:7)
  A jelly (D:4)
  2 orc priests
  A gnoll shaman (D:4)
  8 iguanas
  Terence (D:2)
  2 orc wizards (D:5)
  Natasha (thrice) (D:4)
  6 adders
  7 gnolls
  3 dart slugs
  7 orcs
  11 endoplasms
  9 giant cockroaches
  9 goblins
  9 hobgoblins
  3 jackals (D:3)
  4 quokkas
  6 ball pythons
  5 bats
  5 frilled lizards
  24 kobolds
  10 rats
159 creatures vanquished.

Vanquished Creatures (others)
  A fungus (Sewer)
  13 plants
14 creatures vanquished.

Grand Total: 173 creatures vanquished

Notes
Turn   | Place    | Note
-------+----------+-------------------------------------------
     0 | D:1      | issech the Troll Monk began the quest for the Orb.
     0 | D:1      | Reached XP level 1. HP: 22/22 MP: 0/0
    25 | D:1      | Found Yxkuett's General Store.
   170 | D:1      | Reached XP level 2. HP: 29/29 MP: 1/1
   288 | D:1      | Reached skill level 3 in Maces & Flails
   835 | D:2      | Reached XP level 3. HP: 36/36 MP: 2/2
  1294 | D:2      | Noticed Terence
  1314 | D:2      | Killed Terence
  1315 | D:2      | Reached XP level 4. HP: 36/44 MP: 3/3
  1704 | D:2      | Found Wodied's General Store.
  1850 | D:3      | Found a blossoming altar of Fedhas.
  1859 | D:3      | Found a faded altar of an unknown god.
  2010 | D:3      | Reached skill level 1 in Short Blades
  2074 | D:3      | Reached XP level 5. HP: 48/52 MP: 4/4
  2123 | D:3      | Noticed Sigmund
  2151 | D:3      | Killed Sigmund
  2152 | D:3      | Reached skill level 1 in Shields
  2152 | D:3      | Reached XP level 6. HP: 45/61 MP: 5/5
  2301 | D:3      | Found a glowing drain.
  2312 | Sewer    | Entered a sewer
  2423 | Sewer    | HP: 2/61 [kobold brigand/+0 whip (2)]
  2586 | Sewer    | Reached XP level 7. HP: 53/67 MP: 6/6
  2982 | D:3      | Found a radiant altar of Vehumet.
  2983 | D:3      | Found a basalt altar of Yredelemnul.
  3267 | D:4      | Noticed Natasha
  3281 | D:4      | Killed Natasha
  3374 | D:4      | Noticed Natasha
  3386 | D:4      | Killed Natasha
  3528 | D:4      | Found Eddyng's Assorted Antiques.
  3605 | D:4      | Found an ancient bone altar of Kikubaaqudgha.
  3611 | D:4      | Found Saankah's Magic Scroll Shop.
  3623 | D:4      | Noticed Edmund
  3662 | D:4      | Killed Edmund
  3732 | D:4      | Noticed Natasha
  3769 | D:4      | Killed Natasha
  3770 | D:4      | Reached XP level 8. HP: 28/78 MP: 7/7
  4093 | D:5      | Entered Level 5 of the Dungeon
  4093 | D:5      | Noticed Grinder
  4104 | D:5      | Killed Grinder
  4175 | D:5      | Reached skill level 4 in Maces & Flails
  4484 | D:5      | Found a glowing golden altar of the Shining One.
  4503 | D:5      | Reached skill level 5 in Dodging
  4609 | D:5      | Reached skill level 5 in Maces & Flails
  5157 | D:6      | Reached XP level 9. HP: 85/85 MP: 8/8
  5280 | D:6      | Reached skill level 6 in Maces & Flails
  5667 | D:7      | Found a staircase to the Ecumenical Temple.
  5702 | D:7      | Noticed a skeletal warrior
  5702 | D:7      | Noticed a skeletal warrior
  5702 | D:7      | Noticed a skeletal warrior
  5779 | D:6      | Mangled by a skeletal warrior

Illustrated notes

Levels and vault maps discovered:
D:1:      erik_arrival_blinker_ship, layout_loops_ring, serial_shops, shop,
          kennysheep_boxes
D:2:      layout_basic, serial_shops, nicolae_square_shop,
          minmay_misc_feat_square, serial_bayou_lagoon_a, minmay_hedge_maze,
          wander_ebering_terrifying_dragon_lair, uniq_terence
D:3:      layout_loops_cross, fedhas_ov_isle_minmay,
          mainiacjoe_overflow_divided_tiny, hellmonk_ecumenical_altar_zigzags,
          gup_sewer_entry_pipe, uniq_sigmund
D:4:      layout_rooms, mainiacjoe_overflow_tiny_flanked, serial_shops,
          nicolae_lakefront_shop, shop, item_on_display_a, uniq_edmund,
          uniq_natasha
D:5:      layout_loops_ring, nicolae_overflow_crystal_walls,
          hangedman_decor_slide_cut, uniq_grinder
D:6:      layout_loops_ring
D:7:      layout_loops_corners, mainiacjoe_overflow_brackets,
          minmay_temple_entry_from_below_a, uniq_maggie

Skill      XL: |  1  2  3  4  5  6  7  8  9 |
---------------+----------------------------+-----
Maces & Flails | 3 5 6 |  6.5
Dodging        | 3 4 5 |  5.3
Short Blades   | 1 2 4 |  4.4
Fighting       | 3 4 |  4.6
Shields        | 1 2 3 |  3.1
Stealth        | 2 |  2.2

Action                   |  1- 3 |  4- 6 |  7- 9 || total
-------------------------+-------+-------+-------++-------
Melee: Mace              |   107 |       |       ||   107
       Short sword       |    39 |   176 |   185 ||   400
       Dire flail        |       |       |   175 ||   175
  Use: Scroll            |       |     2 |     1 ||     3
 Stab: Sleeping          |     4 |     1 |     5 ||    10
Armor: Robe              |    56 |    73 |   125 ||   254
Dodge: Dodged            |    53 |    90 |   149 ||   292
Block: Kite shield       |    38 |    85 |    66 ||   189
